 Dungeon Crawl Stone Soup version 0.30.1-6-gbe392663c4 (webtiles) character file.

Game seed: 9551876640102230595

77 Vahgon the Chopper (level 4, 0/41 HPs)
             Began as a Minotaur Berserker on Sept 3, 2023.
             Was a Believer of Trog.
             Succumbed to Crazy Yiuf's poison
             ... on level 2 of the Dungeon on Sept 20, 2023.
             The game lasted 00:07:50 (1983 turns).

Vahgon the Chopper (Minotaur Berserker)             Turns: 1983, Time: 00:07:51

Health: 0/41       AC: 10    Str: 23    XL:     4   Next: 13%
Magic:  3/3        EV: 12    Int:  4    God:    Trog [**....]
Gold:   101        SH:  0    Dex: 10    Spells: 3/3 levels left

rFire   . . .        j - +2 mace (protect)
rCold   . . .        (no shield)
rNeg    . . .        h - +0 leather armour
rPois   .            (helmet restricted)
rElec   .            (no cloak)
rCorr   .            (no gloves)
SInv    .            (no boots)
Will    .....        (no amulet)
Stlth   +            (no ring)
HPRegen 0.26/turn    (no ring)
MPRegen 0.08/turn

%: no passive effects
@: lethally poisoned (0 -> -8), under a protective aura
A: horns 2, retaliatory headbutt
a: Renounce Religion, Berserk, Trog's Hand


You were on level 2 of the Dungeon.
You worshipped Trog.
Trog was pleased with you.
You visited 1 branch of the dungeon, and saw 2 of its levels.

You collected 101 gold pieces.

Inventory:

Hand Weapons
 a - a +0 hand axe
 j - a +2 mace of protection (weapon)
Armour
 b - a +0 animal skin
 h - a +0 leather armour (worn)
Scrolls
 c - a scroll of teleportation {unknown}
 e - a scroll of noise {unknown}
Potions
 d - 2 potions of curing {unknown}
 f - 2 potions of mutation {unknown}
 g - a potion of flight {unknown}
 i - a potion of degeneration {unknown}


   Skills:
 + Level 4.4 Fighting
 + Level 4.9 Axes
 + Level 2.8 Armour
 + Level 2.7 Dodging


You had 3 spell levels left.
You didn't know any spells.
Your spell library was empty.

Dungeon Overview and Level Annotations

Branches:
Dungeon (2/15)

Altars:
Wu Jian

Annotations:
D:2 Crazy Yiuf


Innate Abilities, Weirdness & Mutations

You have a pair of horns on your head.
You reflexively headbutt those who attack you in melee.


Message History

You hit the fungus.
The fungus begins to die.
The fungus is lightly damaged.
You hit the fungus.
The fungus is lightly damaged.
You sock the fungus!
The fungus is lightly damaged.
A nearby fungus withers and dies.
Found a hammer.
Found a runed translucent door.
As you open the door, it creaks loudly!
Crazy Yiuf drinks a potion.
Crazy Yiuf seems to grow stronger.
Crazy Yiuf barely misses you.
There is an open translucent door here.
You hit Crazy Yiuf.
Your weapon exudes an aura of protection.
Crazy Yiuf is moderately wounded.
Crazy Yiuf hits you with a +4 quarterstaff of chaos.
Crazy Yiuf burns you.
You hit Crazy Yiuf.
Crazy Yiuf is moderately wounded.
Crazy Yiuf whimpers, "Whiteboard mumblescurry ladder!"
Crazy Yiuf hits you with a +4 quarterstaff of chaos!
You are poisoned.
Crazy Yiuf hits you with a +4 quarterstaff of chaos!
Crazy Yiuf freezes you.
* * * LOW HITPOINT WARNING * * *
You closely miss Crazy Yiuf.
Crazy Yiuf is moderately wounded.
* * * LOW HITPOINT WARNING * * *
You feel very sick.
Crazy Yiuf yells, "Snoogle aubergine turtle!"
Crazy Yiuf barely misses you.
You completely miss Crazy Yiuf. Your headbutt misses Crazy Yiuf.
Crazy Yiuf is moderately wounded.
* * * LOW HITPOINT WARNING * * *
You feel very sick.
Crazy Yiuf says, "Peeping shrimp shrimp!"
Crazy Yiuf barely misses you.
You hit Crazy Yiuf. You headbutt Crazy Yiuf!
Crazy Yiuf is almost dead.
You die...

###......# ## #...#....#
#########. #.###...## #.........
#.###.### ###....... #.....#
#....... ####.## #######.(.####
#..# #### ###.#.P..##..... ####
#...##..#......#..###
#..g@.#####P......#.. #).^###
#P...#..'.. ##### ####
#######.#.. #...# #.#.# ###.#.###
#.#.. #...#.#.# ##.###
#.###.#.##################.....
###.###.......................###
#......###.#######.#########.##


You could see Crazy Yiuf (strong).

Vanquished Creatures
  Jessica (D:2)
  3 dart slugs
  4 bats
  6 endoplasms
  2 giant cockroaches
  5 goblins (D:1)
  2 hobgoblins (D:1)
  5 kobolds
  A quokka (D:1)
  3 ball pythons (D:1)
  9 frilled lizards
  A rat (D:1)
42 creatures vanquished.

Notes
Turn   | Place    | Note
-------+----------+-------------------------------------------
     0 | D:1      | Vahgon the Minotaur Berserker began the quest for the Orb.
     0 | D:1      | Reached XP level 1. HP: 19/19 MP: 0/0
   381 | D:1      | Reached XP level 2. HP: 27/27 MP: 1/1
   525 | D:1      | Reached ** piety under Trog
   526 | D:1      | Reached XP level 3. HP: 17/33 MP: 2/2
   534 | D:1      | Upgraded the game from 0.30.1-4-g462c640d31 to
                  | 0.30.1-6-gbe392663c4
  1218 | D:2      | Noticed Jessica
  1224 | D:2      | Killed Jessica
  1463 | D:2      | Reached XP level 4. HP: 36/41 MP: 3/3
  1767 | D:2      | Found an ornate altar of the Wu Jian Council.
  1973 | D:2      | Found a runed translucent door.
  1974 | D:2      | Noticed Crazy Yiuf
  1982 | D:2      | HP: 2/41 [poisoned by Crazy Yiuf]
  1983 | D:2      | Succumbed to Crazy Yiuf's poison

Illustrated notes

Levels and vault maps discovered:
D:1:      roderic_crop_circles_arrival_small, layout_loops_ring,
          minmay_lizard_pond
D:2:      layout_basic, basic_altar, kennysheep_crisscross, minmay_statues_item,
          uniq_jessica, uniq_crazy_yiuf_cottage

Skill      XL: |  1  2 |
---------------+-------+-----
Axes           | 4 |  4.9
Fighting       | 4 |  4.4
Armour         | |  2.8
Dodging        | |  2.7

Action                     |  1- 3 |  4- 6 || total
---------------------------+-------+-------++-------
  Melee: Hand axe          |    56 |    13 ||    69
         Headbutt          |     6 |     3 ||     9
         Punch             |     1 |       ||     1
         Mace              |       |    12 ||    12
 Armour: Animal skin       |     6 |       ||     6
         Leather armour    |       |     5 ||     5
  Dodge: Dodged            |    37 |     8 ||    45
